 Dungeon Crawl Stone Soup version 0.28.0 (webtiles) character file.

Game seed: 10097389162531819981

22 Karpo the Sneak (level 2, 0/13 HPs)
             Began as a Spriggan Enchanter on Feb 17, 2022.
             Succumbed to a kobold's poison
             ... on level 1 of the Dungeon.
             The game lasted 00:02:44 (1272 turns).

Karpo the Sneak (Spriggan Enchanter)                Turns: 1272, Time: 00:02:44

Health: 0/13       AC:  3    Str:  4    XL:     2   Next: 68%
Magic:  2/6        EV: 17    Int: 16    God:
Gold:   3          SH:  0    Dex: 15    Spells: 4/6 levels left

rFire   . . .      SeeInvis +   a - +1 dagger
rCold   . . .      Faith    .   (no shield)
rNeg    . . .      Spirit   .   b - +1 robe
rPois   .          Reflect  .   (helmet restricted)
rElec   .          Harm     .   (no cloak)
rCorr   .          Rampage  .   (gloves unavailable)
Will    .....                   (boots unavailable)
Stlth   +++.......              (no amulet)
HPRegen 0.04/turn               (no ring)
MPRegen 0.10/turn               (no ring)

@: mighty, lethally poisoned (0 -> -8), very quick
A: very small, no large weapons, unfitting armour, see invisible, speed 3
a: no special abilities


You were on level 1 of the Dungeon.
You visited 1 branch of the dungeon, and saw 1 of its levels.

You collected 3 gold pieces.

Inventory:

Hand Weapons
 a - a +1 dagger (weapon)
Armour
 b - a +1 robe (worn)
Scrolls
 f - a scroll of summoning {unknown}
Potions
 c - a potion of invisibility
 d - a potion of cancellation


   Skills:
 + Level 2.2 Short Blades
 - Level 2.6 Dodging
 + Level 5.3 Stealth
 - Level 2.6 Spellcasting
 - Level 3.6 Hexes


You had 4 spell levels left.
You knew the following spells:

 Your Spells              Type           Power      Damage    Failure   Level
a - Ensorcelled Hibernat  Hex/Ice        14%        N/A       14%         2

Your spell library contained the following spells:

 Spells                   Type           Power      Damage    Failure   Level
 Confusing Touch          Hex            13%        N/A       13%         3
 Tukima's Dance           Hex            13%        N/A       13%         3
 Dazzling Flash           Conj/Hex       14%        N/A       28%         3


Dungeon Overview and Level Annotations

Branches:
Dungeon (1/15)

Altars:


Innate Abilities, Weirdness & Mutations

You are very small and have problems with some larger weapons.
You are too small for most types of armour.
You have supernaturally acute eyesight. (SInv)
You cover ground extremely quickly. (Speed+++)


Message History

You impale the kobold!!
You kill the kobold!
A kobold comes into view. It is wielding a +1 dagger of venom.
A dart slug comes into view.
The kobold shouts!
The kobold completely misses you.
You miss the kobold. The kobold misses you.
You closely miss the kobold. You closely miss the kobold.
The kobold hits you but does no damage.
You are poisoned.
Casting: Ensorcelled Hibernation (safe; 14% risk of failure)
Confirm with . or Enter, or press ? or * to list all spells.
Aiming: Ensorcelled Hibernation (safe; 14% risk of failure)
Press: ? - help, Shift-Dir - straight line, f - kobold
Aim: a kobold, wielding a +1 dagger of venom and quivering stones (chance to affect: 58%)
The kobold resists with significant effort.
You feel sick. The kobold completely misses you.
Casting: Ensorcelled Hibernation (safe; 14% risk of failure)
Confirm with . or Enter, or press ? or * to list all spells.
Aiming: Ensorcelled Hibernation (safe; 14% risk of failure)
Press: ? - help, Shift-Dir - straight line, f/p - kobold
Aim: a kobold, wielding a +1 dagger of venom and quivering stones (chance to affect: 58%)
The kobold resists with significant effort.
You feel sick. The kobold misses you.
You hit the kobold but do no damage.
You feel sick.
The kobold hits you with a +1 dagger of venom.
You are lethally poisoned!
You feel sick.
The kobold throws a stone.
The stone barely misses you.
You feel sick.
Okay, then.
It was a potion of might.
You feel very mighty all of a sudden.
* * * LOW HITPOINT WARNING * * *
You feel sick. The dart slug launches a dart at you. The slug dart misses you.
The kobold throws a stone.
The stone hits you but does no damage.
* * * LOW HITPOINT WARNING * * *
You feel sick.
You die...

#.# #........# #.#.# # #.#
#........# #.#.# # #.#
#........# #.#.# # #.#
#........# #####.#.#####
#.# #........#
#)..#.#...... ###.#
#.....w..######...#.#......
....#
#......K.....##.....#.#####
##..#
#............##.....#.##...
#..#
########..@.........#....##
#..# ##+######....######
#[.# ......# #..# ###....#
#..# .#+### #..# #. ##..#
....# ##..#


You could see a dart slug and a kobold.

Vanquished Creatures
  3 ball pythons (D:1)
  4 bats (D:1)
  2 endoplasms (D:1)
  A giant cockroach (D:1)
  2 hobgoblins (D:1)
  2 quokkas (D:1)
  2 kobolds (D:1)
  2 rats (D:1)
18 creatures vanquished.

Notes
Turn   | Place    | Note
-------+----------+-------------------------------------------
     0 | D:1      | Karpo the Spriggan Enchanter began the quest for the Orb.
     0 | D:1      | Reached XP level 1. HP: 9/9 MP: 5/5
   488 | D:1      | Reached XP level 2. HP: 7/13 MP: 6/6
   655 | D:1      | Reached skill level 5 in Stealth
  1103 | D:1      | Learned a level 2 spell: Ensorcelled Hibernation
  1272 | D:1      | Succumbed to a kobold's poison

Illustrated notes

Levels and vault maps discovered:
D:1:      dpeg_arrival_tiny_e, layout_basic, chequers_serial_rivers_micro_c

Skill      XL: |  1  2 |
---------------+-------+-----
Stealth        | 5 |  5.3
Short Blades   | 2 |  2.2
Dodging        | |  2.6
Spellcasting   | |  2.6
Hexes          | |  3.6

Action                   || total
-------------------------++-------
Melee: Dagger            ||    67
       Punch             ||     1
 Cast: Ensorcelled Hiber ||     2
  Use: Scroll            ||     2
       Potion            ||     1
 Stab: Sleeping          ||     8
Armor: Robe              ||    15
Dodge: Dodged            ||    56
